 Dungeon Crawl Stone Soup version 0.32-a0-699-g1ee5eff69a (webtiles) character file.

Game seed: 7154843347427627918

532 smashvw the Shield-Bearer (level 7, -6/61 HPs)
             Began as a Minotaur Fighter on Mar 14, 2024.
             Mangled by an ogre
             ... wielding a +0 giant club
              (14 damage)
             ... on level 4 of the Dungeon.
             The game lasted 00:08:48 (4368 turns).

smashvw the Shield-Bearer (Minotaur Fighter)        Turns: 4368, Time: 00:08:48

Health: -6/61      AC:  8    Str: 22    XL:     7   Next: 4%
Magic:  6/6        EV:  8    Int:  5    God:
Gold:   99         SH:  4    Dex: 10    Spells: 6/6 levels left

rFire   . . .        a - +0 war axe
rCold   . . .        c - +0 buckler
rNeg    . . .        b - +0 scale mail
rPois   .            (helmet restricted)
rElec   .            (no cloak)
rCorr   .            q - +0 pair of gloves
SInv    .            (no boots)
Will    .....        (no amulet) Stlth
                     (no ring)
HPRegen 0.30/turn    (no ring)
MPRegen 0.10/turn

%: no passive effects
@: mighty
A: horns 2, retaliatory headbutt
a: no special abilities


You were on level 4 of the Dungeon.
You visited 2 branches of the dungeon, and saw 5 of its levels.
You also visited: Sewer.

You collected 189 gold pieces.
You spent 90 gold pieces at shops.

Inventory:

Hand Weapons
 a - a +0 war axe (weapon)
Missiles
 k - 23 stones (quivered)
 x - 4 poisoned darts
 B - 6 boomerangs
Armour
 b - a +0 scale mail (worn)
 c - a +0 buckler (worn)
 n - a +0 kite shield
 q - a +0 pair of gloves (worn)
Jewellery
 s - an amulet of regeneration
Scrolls
 g - 2 scrolls of brand weapon {unknown}
 h - a scroll of revelation {unknown}
 i - 5 scrolls of identify {unknown}
 o - a scroll of amnesia {unknown}
 p - 2 scrolls of torment {unknown}
 u - 2 scrolls of silence {unknown}
 v - 9 scrolls of teleportation {unknown}
 w - a scroll of immolation {unknown}
 y - 2 scrolls of fog {unknown}
Potions
 d - a potion of might
 e - 2 potions of attraction {unknown}
 f - 6 potions of curing
 j - a potion of degeneration {unknown}
 l - a potion of haste {unknown}
 m - a potion of heal wounds {unknown}
 r - a potion of brilliance {unknown}
 t - 3 potions of cancellation {unknown}
 z - 2 potions of magic {unknown}
 A - a potion of mutation {unknown}


   Skills:
 + Level 5.6 Fighting
 + Level 4.8 Axes
 + Level 2.5 Throwing
 - Level 3.6 Armour
 + Level 5.6 Shields
 + Level 2.2 Evocations


You had 6 spell levels left.
You didn't know any spells.
Your spell library contained the following spells:

 Spells                   Type           Power      Damage    Failure   Level
 Sting                    Conj/Alch      0%         1d3       86%         1
 Mercury Vapours          Alch/Air       0%         N/A       94%         2
 Sublimation of Blood     Necr           0%         N/A       94%         2
 Olgreb's Toxic Radiance  Alch           0%         N/A       100%        4
 Petrify                  Alch/Erth      0%         N/A       100%        4
 Irradiate                Conj/Alch      0%         3d11      100%        5


Dungeon Overview and Level Annotations

Branches:
Dungeon (4/15)             Temple (1/1) D:4           Sewer (visited)

Altars:
Cheibriados
Dithmenos
Fedhas
Gozag
Hepliaklqana
Kikubaaqudgha
Makhleb
Nemelex Xobeh
Ru
Trog
Vehumet
Xom
Zin
The Shining One

Shops:
D:1 [


Innate Abilities, Weirdness & Mutations

You have a pair of horns on your head.
You reflexively headbutt those who attack you in melee.


Message History

No target in view!
No target in view!
No target in view!
No target in view!
k - 23 stones (gained 1)
You see here a +0 dagger.
You now have 99 gold pieces (gained 9).
You see here a +0 dagger.
B - 6 boomerangs
There is an open door here.
You open the door.
There is an open door here.
An ogre, an adder and a ball python come into view.
The ogre shouts!
The adder hisses angrily.
The ball python hisses angrily.
You hear an angry hiss.
You hear a shout!
An adder comes into view.
You hit the ogre.
The ogre is lightly wounded.
You block the ogre's attack.
You slash the ogre!
The ogre is heavily wounded.
A hobgoblin comes into view.
The ogre hits you with a +0 giant club!!
The adder bites you.
You slash the ogre!
The ogre is almost dead.
You closely miss the adder. The adder bites you but does no damage.
The ogre hits you with a +0 giant club. The adder bites you.
You barely miss the ogre. Your headbutt misses the ogre.
The ogre is almost dead.
You miss the adder. You block the adder's attack.
The ogre hits you with a +0 giant club!!
* * * LOW HITPOINT WARNING * * *
You hit the ogre but do no damage. Your headbutt misses the ogre.
The ogre is almost dead.
You hit the adder. The adder closely misses you.
The adder bites you but does no damage.
You feel very mighty all of a sudden. The ogre hits you with a +0 giant club!
You die...

#..#.##### #.....# #...##
#.# .........######..#
#.#########.##
............# #..#
#.#.......#...
#...........#
#..###.#.#####.####
###<........###...^.#..#
#.# #
#..............###.###
#.# # #.........###..#
#.# #.# # #.#.....###
################### #
#.#.....#
#S@'.##.%#..#..#..'
###.#.##.##
#.SO##..##)..##.##.##
##....##.#
##.S#....##..#รท.#..#.
..>.<....#
..g##.....##...##.##.
##....####
##..#.......##..#..#..
##.#.#
#.##........##...##..
#.#.#
..#...#......##..#...
#.#.#
####.##...##......####...
###.#.###.#
#...####......##...#


You could see an ogre, 2 adders, a hobgoblin and a ball python.

Vanquished Creatures
  2 bullfrogs (Sewer)
  A scorpion (D:4)
  A bombardier beetle (D:4)
  An iguana (D:4)
  11 adders
  6 river rats
  8 ribbon worms
  A dart slug (D:1)
  An orc (D:3)
  5 bats
  9 endoplasms
  7 giant cockroaches
  7 goblins
  4 hobgoblins
  12 jackals
  6 quokkas
  21 ball pythons
  10 frilled lizards
  6 kobolds
  18 rats
137 creatures vanquished.

Notes
Turn   | Place    | Note
-------+----------+-------------------------------------------
     0 | D:1      | smashvw the Minotaur Fighter began the quest for the Orb.
     0 | D:1      | Reached XP level 1. HP: 19/19 MP: 0/0
   163 | D:1      | Reached XP level 2. HP: 27/27 MP: 1/1
   382 | D:1      | Found Aroiwkus's Armour Shoppe.
   621 | D:1      | Reached XP level 3. HP: 33/33 MP: 2/2
  1286 | D:2      | Reached XP level 4. HP: 41/41 MP: 3/3
  1771 | D:3      | Found a sparkling altar of Nemelex Xobeh.
  2274 | D:3      | Reached skill level 1 in Throwing
  2413 | D:3      | Found a glowing silver altar of Zin.
  2414 | D:3      | Found Zin's Purification Station.
  2421 | D:3      | Bought a potion of curing for 90 gold pieces
  2592 | D:3      | Found a faded altar of an unknown god.
  2598 | D:3      | Found a burning altar of Makhleb.
  2872 | D:4      | Reached XP level 5. HP: 47/47 MP: 4/4
  3025 | D:4      | Found a glowing drain.
  3037 | D:4      | Reached skill level 1 in Evocations
  3116 | Sewer    | Entered a sewer
  3182 | Sewer    | Reached skill level 5 in Fighting
  3182 | Sewer    | Reached skill level 5 in Shields
  3427 | Sewer    | Reached XP level 6. HP: 52/56 MP: 5/5
  3587 | D:4      | Found a staircase to the Ecumenical Temple.
  3601 | Temple   | Entered the Ecumenical Temple
  3875 | D:4      | Reached XP level 7. HP: 19/61 MP: 6/6
  4368 | D:4      | Mangled by an ogre

Illustrated notes

Levels and vault maps discovered:
D:1:      elethiomel_arrival_maze, layout_basic, serial_shops, shop
D:2:      layout_basic
D:3:      wander_river, layout_loops_corners, nemelex_xobeh_ov_fountains_minmay,
          zin_purify, nicolae_overflow_ecumenical_swirl,
          chequers_serial_rivers_room_b, hangedman_decor_peaks_small
D:4:      minmay_razor_zed, layout_loops_ring, kennysheep_mini_moat,
          minmay_temple_entry_sparse_star, portal_sewer_entry_b
Temple:   minmay_temple_curvy_loop

Skill      XL: |  1  2  3  4  5  6 |
---------------+-------------------+-----
Fighting       | 4 5 |  5.6
Shields        | 4 5 |  5.6
Axes           | 3 4 |  4.8
Throwing       | 1 2 |  2.5
Evocations     | 1 2 |  2.2
Armour         | |  3.6

Action                     |  1- 3 |  4- 6 |  7- 9 || total
---------------------------+-------+-------+-------++-------
  Melee: War axe           |    73 |   158 |    14 ||   245
         Headbutt          |    12 |    22 |     1 ||    35
  Throw: Stone             |     1 |     2 |       ||     3
    Use: Potion            |       |       |     1 ||     1
 Armour: Scale mail        |    64 |   189 |    13 ||   266
  Dodge: Dodged            |    33 |   103 |     3 ||   139
  Block: Buckler           |    18 |    52 |     6 ||    76

Table legend: (Time is in decaauts)
 A = Elapsed time spent in this place.
 B = Non-inter-level travel time spent in this place.
 C = Inter-level travel time spent in this place.
 D = Time resting spent in this place.
 E = Time spent auto-exploring this place.
 F = Levels seen in this place.
 G = Mean time per level.
                   A        B        C        D        E       F      G
               +--------+--------+--------+--------+--------+-----+--------+
         Total |   4502 |   4461 |     41 |    505 |   3210 |   6 |  750.3 |
       Dungeon |   4032 |   3991 |     41 |    434 |   2927 |   4 | 1008.0 |
        Temple |      1 |      1 |      0 |      0 |      0 |   1 |    1.0 |
         Sewer |    467 |    467 |      0 |     71 |    282 |   1 |  467.0 |
               +--------+--------+--------+--------+--------+-----+--------+

Top non-repeatable levels by time:
     D:4: 1187 daAuts
     D:3: 1060 daAuts
     D:1: 1023 daAuts
     D:2: 762 daAuts
   Sewer: 467 daAuts
  Temple: 1 daAuts
